[Event "360 One Wealth GP-4 2024"]
[Site "Mumbai"]
[Date "2024.03.14"]
[Round "4.4"]
[White "Boricha Yohan"]
[Black "Ishan Roy"]
[Result "1/2-1/2"]
[ECO "C07"]
[WhiteElo "1840"]
[BlackElo "1609"]
[Annotator "NA RC"]
[PlyCount "116"]
[EventDate "2024.03.10"]
[EventCountry "IND"]
[SourceTitle "playchess.com"]
[Source "ChessBase"]
[SourceQuality "1"]
[TimeControl "5400+30"]

1. e4 e6 2. d4 d5 3. Nd2 c5 4. exd5 Qxd5 5. Ngf3 cxd4 6. Bc4 Qd7 7. O-O Nf6 8. Nb3 Nc6 9. Nbxd4 Nxd4 10. Qxd4 Qxd4 11. Nxd4 Bd7 12. Be2 Bc5 13. Nb3 Bb6 14. Bf4 Rc8 15. c4 {[%emt 0:01:09] C07: Französische Verteidigung (Tarrasch-Variante).} Bc6 16. Bd6 h5 17. c5 Bc7 18. Bxc7 Rxc7 19. Nd4 Bd5 20. b4 a6 21. Nc2 Rh6 22. Ne3 Rg6 (22... Rh8 $11 {ist eher angebracht.}) 23. Nxd5 Nxd5 24. a3 $1 ({Viel schlechter ist} 24. Bxh5 Rg5 25. Bf3 Nxb4 $15) 24... h4 25. Bf3 Nf4 (25... a5 $11 {deserves consideration.}) 26. g3 hxg3 27. fxg3 Nh3+ 28. Kg2 Ng5 29. Be2 Kf8 30. Rac1 e5 31. a4 Ne6 32. Bc4 Ke7 33. Kh1 Rh6 34. Bd5 Rh8 35. c6 bxc6 $1 36. Rxc6 Rxc6 37. Bxc6 Rc8 38. Bb7 Rb8 39. Bxa6 Rxb4 40. Ra1 $11 Nc5 41. Bb5 Kd6 42. Rd1+ Rd4 43. Rxd4+ exd4 44. Kg2 Kc7 45. Kf3 Kb6 46. h4 Ka5 47. g4 f6 48. Kf4 Nxa4 49. Bxa4 Kxa4 50. Ke4 Kb5 51. Kxd4 Kc6 52. Ke4 Kd6 53. Kf5 Ke7 54. Kg6 Kf8 55. Kh7 g5 56. hxg5 fxg5 57. Kg6 Kg8 58. Kxg5 Kg7 1/2-1/2

[Event "360 One Wealth GP-4 2024"]
[Site "Mumbai"]
[Date "2024.03.14"]
[Round "4.5"]
[White "Vivek Ashok Jadhav"]
[Black "Guru Prakash"]
[Result "0-1"]
[ECO "B84"]
[WhiteElo "1559"]
[BlackElo "1794"]
[Annotator "NA RC"]
[PlyCount "68"]
[EventDate "2024.03.10"]
[EventCountry "IND"]
[SourceTitle "playchess.com"]
[Source "ChessBase"]
[SourceQuality "1"]
[TimeControl "5400+30"]

1. e4 c5 2. Nf3 e6 3. d4 cxd4 4. Nxd4 a6 5. Nc3 Qc7 6. Be2 Nf6 7. a3 b5 8. Be3 Bb7 9. f3 Be7 10. O-O O-O 11. Kh1 d6 12. Qe1 Nbd7 13. Qf2 Rfe8 14. Rae1 d5 15. exd5 Nxd5 16. Nxd5 Bxd5 17. Bd3 Rad8 18. c3 Nc5 19. Be2 g6 20. Nc2 Bc4 21. Bd4 Bf8 22. Bxc4 bxc4 23. Ne3 Nd3 24. Qh4 e5 25. Ng4 Bg7 26. Be3 f5 27. Nf6+ Bxf6 28. Qxf6 Nxe1 29. Rxe1 Rd6 30. Qh4 Rb8 31. Bd4 Re6 32. Qf2 Qd6 33. Qe2 exd4 34. Qxc4 Rbe8 0-1

[Event "360 One Wealth GP-4 2024"]
[Site "Mumbai"]
[Date "2024.03.14"]
[Round "4.6"]
[White "Gangan Vihang Vishwanath"]
[Black "Mishra Sanjeev"]
[Result "0-1"]
[ECO "B34"]
[WhiteElo "1454"]
[BlackElo "1833"]
[Annotator "NA RC"]
[PlyCount "118"]
[EventDate "2024.03.10"]
[EventCountry "IND"]
[SourceTitle "playchess.com"]
[Source "ChessBase"]
[SourceQuality "1"]
[TimeControl "5400+30"]

1. e4 c5 2. Nf3 Nc6 3. d4 cxd4 4. Nxd4 g6 5. Nc3 Bg7 6. Be3 Nf6 7. f3 O-O 8. Qd2 d5 9. exd5 Nxd5 10. Nxd5 Qxd5 11. Nxc6 Qxc6 12. c3 Bf5 {[%emt 0:01:00] B34: Sicilian: Accelerated Dragon with 5 Nc3: sidelines.} 13. Rd1 Be6 14. Ra1 Rfd8 15. Qc1 Rd7 16. Be2 Bc4 17. Bxc4 Qxc4 18. Kf2 Qh4+ 19. g3 Qh3 20. Qf1 Qe6 21. Qe2 Rad8 22. Rhd1 a6 23. Rxd7 Qxd7 24. Bb6 Rc8 25. Rd1 Qc6 26. Rd8+ Rxd8 27. Bxd8 e5 28. Bg5 f5 29. Be3 e4 30. fxe4 Qxe4 31. Bf4 Qc6 32. Qc2 Bd4+ 33. Be3 Bxe3+ 34. Kxe3 Qe6+ 35. Kd4 Qxa2 36. c4 Qa5 37. c5 Qd8+ 38. Kc3 {[%emt 0:00:44] [#]} (38. Kc4 $17 {war einen Versuch wert.}) 38... Qd5 $1 39. Qb3 Qxb3+ 40. Kxb3 Kf7 41. Kc4 Ke6 42. Kd4 a5 43. b3 g5 44. h3 f4 45. gxf4 gxf4 46. Ke4 f3 47. Kxf3 Kd5 48. Ke3 Kxc5 49. Kd3 Kb4 50. Kc2 Ka3 51. Kc3 b5 52. h4 h5 53. Kc2 b4 54. Kb1 Kxb3 55. Ka1 Kc2 56. Ka2 b3+ 57. Ka3 b2 58. Ka2 b1=Q+ 59. Ka3 Qb3# 0-1

[Event "360 One Wealth GP-4 2024"]
[Site "Mumbai"]
[Date "2024.03.14"]
[Round "4.7"]
[White "Isaiah Chris Nazareth"]
[Black "Milind Parle"]
[Result "0-1"]
[ECO "C84"]
[WhiteElo "1698"]
[BlackElo "1642"]
[Annotator "NA RC"]
[PlyCount "108"]
[EventDate "2024.03.10"]
[EventCountry "IND"]
[SourceTitle "playchess.com"]
[Source "ChessBase"]
[SourceQuality "1"]
[TimeControl "5400+30"]

1. e4 e5 2. Nf3 Nc6 3. Bb5 a6 4. Ba4 Nf6 5. d3 b5 6. Bb3 Be7 7. O-O d6 8. c3 O-O 9. h3 Re8 10. Ng5 Rf8 11. Nf3 Re8 12. Re1 h6 13. Nbd2 Bf8 14. Nf1 d5 15. exd5 Nxd5 16. Ng3 Nf6 17. a4 Rb8 18. axb5 axb5 19. Be3 Bd6 20. Qc2 Bd7 21. Ra2 Ra8 22. Rea1 Rxa2 23. Rxa2 Ne7 24. Ne4 Nxe4 25. dxe4 Ng6 26. Ra1 Qe7 27. Qd3 Qf6 28. Ra7 Nf4 29. Bxf4 Qxf4 30. Rxc7 Bxc7 31. Qxd7 Ra8 32. Kf1 Ra1+ 33. Ke2 Qxe4+ 34. Kd2 Qf4+ 35. Kc2 Rc1+ 36. Kd3 e4+ 37. Ke2 exf3+ 38. gxf3 Qe5+ 39. Kd3 Qd6+ 40. Qxd6 Bxd6 41. Ke4 Kf8 42. Kd5 Ke7 43. Kc6 b4 44. c4 f6 45. h4 h5 46. Kb5 g5 47. hxg5 fxg5 48. f4 gxf4 49. f3 h4 50. c5 Rxc5+ 51. Ka4 h3 52. Be6 h2 53. Ba2 h1=Q 54. b3 Rc2 0-1

[Event "360 One Wealth GP-4 2024"]
[Site "Mumbai"]
[Date "2024.03.14"]
[Round "4.8"]
[White "Sunil, Vaidya"]
[Black "Soni Atharv"]
[Result "0-1"]
[ECO "E65"]
[WhiteElo "1640"]
[BlackElo "1684"]
[Annotator "NA RC"]
[PlyCount "110"]
[EventDate "2024.03.10"]
[EventCountry "IND"]
[SourceTitle "playchess.com"]
[Source "ChessBase"]
[SourceQuality "1"]
[TimeControl "5400+30"]

1. Nf3 Nf6 2. g3 g6 3. Bg2 Bg7 4. c4 O-O 5. Nc3 d6 6. O-O c5 7. d4 Nc6 8. dxc5 dxc5 9. Qxd8 Rxd8 10. Be3 Nd4 11. Rad1 Ng4 12. Bxd4 cxd4 13. h3 Nh6 14. Nb5 e5 15. Ng5 Bd7 16. e3 Bc6 17. exd4 exd4 18. g4 a6 19. Na3 Re8 20. Rd2 f5 21. Nf3 fxg4 22. Nxd4 Bxg2 23. Kxg2 gxh3+ 24. Kxh3 Re4 25. Nac2 Rd8 26. Rfd1 Rg4 27. b3 Rf8 28. f3 Rg5 29. Rd3 Be5 30. Ne2 Rh5+ 31. Kg2 Rh2+ 32. Kf1 Ng4 33. Rd8 Rf2+ 34. Ke1 R2xf3 35. R1d3 Rf1+ 36. Kd2 h5 37. Ne3 Nxe3 38. Rxf8+ Rxf8 39. Kxe3 Kg7 40. Ke4 Bb8 41. Nd4 Kh6 42. c5 h4 43. b4 g5 44. a4 Rf4+ 45. Kd5 g4 46. b5 axb5 47. axb5 h3 48. Rd1 h2 49. Ne6 g3 50. Nxf4 Bxf4 51. Ke4 g2 52. Kxf4 g1=Q 53. Rd6+ Kh5 54. Rd5+ Kh4 55. Rd7 Qg4+ 0-1

[Event "360 One Wealth GP-4 2024"]
[Site "Mumbai"]
[Date "2024.03.14"]
[Round "4.9"]
[White "Ram Vishal Parab"]
[Black "Prabhakar Aariv"]
[Result "1-0"]
[ECO "B27"]
[WhiteElo "1807"]
[BlackElo "1509"]
[Annotator "NA RC"]
[PlyCount "89"]
[EventDate "2024.03.10"]
[EventCountry "IND"]
[SourceTitle "playchess.com"]
[Source "ChessBase"]
[SourceQuality "1"]
[TimeControl "5400+30"]

1. e4 c5 2. Nf3 g6 3. c3 Bg7 4. d4 cxd4 5. cxd4 d5 6. e5 Bg4 7. Bb5+ Nc6 8. Nc3 e6 {[%emt 0:00:24] has lost popularity (8...Nh6). B27: Sicilian: 2 Nf3, unusual Black 2nd moves.} 9. O-O Nh6 10. h3 Bxf3 11. Qxf3 Nf5 12. Be3 O-O 13. Bxc6 bxc6 14. Na4 f6 15. exf6 Bxf6 16. Qg4 Qe8 $146 ({Predecessor:} 16... Qe7 17. Rac1 Rac8 18. Nc5 e5 19. dxe5 Bxe5 20. Bg5 Qd6 21. Nd3 h5 22. Qa4 Bd4 {0-1 Ringeltaube,D (1718)-Reitz,P (2037) Wiesbaden op 30th 2018 (1)}) 17. Rae1 h5 18. Qd1 Rf7 19. Nc5 Re7 20. f4 Rb8 21. Qd2 Nd6 22. b3 Nb7 23. Na6 Rc8 24. Qb4 Qd8 25. Qd2 (25. Nc5 $14) 25... Qd7 26. Qd3 Qe8 27. Bd2 Nd6 28. Bb4 Nf5 29. Bc5 Bh4 30. Re5 Bf6 31. Re2 Rd7 32. g4 hxg4 33. hxg4 Nd6 34. Bxd6 Rxd6 35. f5 gxf5 36. gxf5 Qh5 37. Rh2 Qf7 $18 38. Kh1 Kf8 39. Nc5 e5 40. Qg3 Re8 41. Ne6+ Rdxe6 42. fxe6 Rxe6 43. dxe5 Rxe5 44. Qf4 Re6 45. Rh8+ 1-0

[Event "360 One Wealth GP-4 2024"]
[Site "Mumbai"]
[Date "2024.03.14"]
[Round "4.10"]
[White "Palaash Suyog Mapara"]
[Black "Butala Krish"]
[Result "0-1"]
[ECO "C56"]
[WhiteElo "1521"]
[BlackElo "1659"]
[Annotator "NA RC"]
[PlyCount "108"]
[EventDate "2024.03.10"]
[EventCountry "IND"]
[SourceTitle "playchess.com"]
[Source "ChessBase"]
[SourceQuality "1"]
[TimeControl "5400+30"]

1. e4 e5 2. Nf3 Nc6 3. Bc4 Nf6 4. d4 exd4 5. O-O d6 6. h3 Ne5 7. Nxe5 dxe5 8. Bd3 Bd6 9. Nd2 Be6 10. Re1 Nd7 11. a3 h5 12. Nf3 f6 13. Nh4 g5 14. Nf5 Kf7 15. Be2 Bxf5 16. exf5 h4 17. Bg4 Nb6 18. Qf3 c6 19. Bh5+ Kg7 20. Bg4 Bc7 21. b3 Qd6 22. g3 hxg3 23. fxg3 Qd5 24. Qxd5 Nxd5 25. Bd2 Rae8 26. Re4 Nb6 27. Kg2 Nc8 28. Rae1 c5 29. b4 c4 30. R4e2 Nd6 31. Bf3 Nxf5 32. Bxb7 Nd6 33. Be4 Nxe4 34. Rxe4 f5 35. R4e2 Kf6 36. g4 f4 37. Re4 Rh7 38. Rf1 Reh8 39. Rf3 Ke6 40. Re1 Kd5 41. Rh1 e4 42. Rff1 f3+ 43. Kf2 Rxh3 44. Rxh3 Rxh3 45. Bxg5 Bg3+ 46. Kg1 Bh4 47. Bf4 e3 48. Bb8 e2 49. Rb1 e1=Q+ 50. Rxe1 Bxe1 51. g5 f2+ 52. Kg2 Rh1 53. Kxh1 f1=Q+ 54. Kh2 Bf2 0-1

[Event "360 One Wealth GP-4 2024"]
[Site "Mumbai"]
[Date "2024.03.14"]
[Round "4.11"]
[White "Pawar Sohum"]
[Black "Shravan Balram"]
[Result "0-1"]
[ECO "B15"]
[WhiteElo "1657"]
[BlackElo "1488"]
[Annotator "NA RC"]
[PlyCount "136"]
[EventDate "2024.03.10"]
[EventCountry "IND"]
[SourceTitle "playchess.com"]
[Source "ChessBase"]
[SourceQuality "1"]
[TimeControl "5400+30"]

1. e4 c6 2. d4 d5 3. Nc3 dxe4 4. Nxe4 Nf6 5. Nxf6+ exf6 6. c3 Bf5 7. Bc4 Bd6 8. Qf3 Bg6 9. Ne2 O-O 10. O-O Nd7 11. Nf4 Bxf4 12. Bxf4 Nb6 13. Bb3 Re8 14. Rfe1 Qd7 15. h4 Nd5 16. Bd2 Qf5 17. Qxf5 Bxf5 18. f3 Be6 19. c4 Nb6 20. Rac1 Rad8 21. Be3 Bf5 22. g4 Bd3 23. Kf2 h6 24. a4 Re7 25. a5 Nd7 26. Rcd1 Bh7 27. f4 Nf8 28. f5 h5 29. gxh5 Bxf5 30. Rg1 Re4 31. Bh6 Bg4 32. Rde1 Rdxd4 33. Be3 Rd8 34. Bxa7 Rd2+ 35. Kg3 Rd3+ 36. Kf2 Rf4+ 37. Kg2 Rxb3 38. Re8 Bh3+ 39. Kh2 Bd7 40. Rd8 Rxh4+ 41. Kg2 Rxb2+ 42. Kf3 Rxh5 43. Rd1 Rxa5 44. Bb8 Ra3+ 45. Ke4 Re2+ 46. Kd4 Re8 47. Rxe8 Bxe8 48. Rb1 b5 49. cxb5 cxb5 50. Kc5 Nd7+ 51. Kb4 Ra4+ 52. Kxb5 Nxb8+ 53. Kc5 Na6+ 54. Kd6 Kf8 55. Rd1 g5 56. Kd5 g4 57. Rg1 f5 58. Ke5 Bd7 59. Kf6 f4 60. Rh1 Kg8 61. Ke7 f3 62. Kxd7 f2 63. Rf1 g3 64. Kc6 g2 65. Rxf2 g1=Q 66. Rb2 Qc5+ 67. Kb7 Qc7+ 68. Ka8 Nc5# 0-1

[Event "360 One Wealth GP-4 2024"]
[Site "Mumbai"]
[Date "2024.03.14"]
[Round "4.12"]
[White "Mukul Samir Rane"]
[Black "Nirvaan Nirav Shah"]
[Result "0-1"]
[ECO "B23"]
[WhiteElo "1506"]
[BlackElo "1625"]
[Annotator "NA RC"]
[PlyCount "86"]
[EventDate "2024.03.10"]
[EventCountry "IND"]
[SourceTitle "playchess.com"]
[Source "ChessBase"]
[SourceQuality "1"]
[TimeControl "5400+30"]

1. e4 c5 2. Nc3 a6 3. f4 b5 4. a3 Bb7 5. Nf3 e6 6. d3 d6 7. Be3 Nf6 8. Ne2 Be7 9. Ng3 Nbd7 10. Be2 Rc8 11. Rc1 Nb6 12. O-O O-O 13. Qd2 Ng4 14. Bf2 Nxf2 15. Rxf2 Bf6 16. e5 dxe5 17. fxe5 Be7 18. Rff1 Bxf3 19. gxf3 Qd4+ 20. Kg2 Nd5 21. Rf2 Qxe5 22. c3 Bg5 23. Qe1 Bxc1 24. Qxc1 Nf4+ 25. Kh1 Nxe2 26. Rxe2 Qd5 27. Qe3 Rfd8 28. Rd2 c4 29. d4 Re8 30. Ne4 f5 31. Nc5 e5 32. Qf2 Rc6 33. Qe3 f4 34. Qf2 exd4 35. Rxd4 Qxc5 36. Qd2 Rce6 37. Re4 Rxe4 38. fxe4 Qe3 39. Qd5+ Kh8 40. Qh5 Qxe4+ 41. Kg1 Qe1+ 42. Kg2 f3+ 43. Kxf3 Qe2+ 0-1

[Event "360 One Wealth GP-4 2024"]
[Site "Mumbai"]
[Date "2024.03.14"]
[Round "4.14"]
[White "Khanak Paharia"]
[Black "Yuti Mayur Patel"]
[Result "1/2-1/2"]
[ECO "D37"]
[WhiteElo "1492"]
[BlackElo "1621"]
[Annotator "NA RC"]
[PlyCount "94"]
[EventDate "2024.03.10"]
[EventCountry "IND"]
[SourceTitle "playchess.com"]
[Source "ChessBase"]
[SourceQuality "1"]
[TimeControl "5400+30"]

1. Nf3 d5 2. c4 e6 3. d4 Nf6 4. Bf4 Be7 5. e3 O-O 6. Bd3 Nbd7 7. O-O c6 8. Nc3 b6 9. Qc2 Bb7 10. Rad1 h6 11. Rfe1 Nh5 12. Bg3 Nxg3 13. hxg3 f5 14. Ne2 Qe8 15. cxd5 cxd5 16. Qc7 Qc8 17. Rc1 Bb4 18. Red1 Qxc7 19. Rxc7 Bc8 20. a3 Be7 21. Rdc1 Rd8 22. Bb5 Bd6 23. Rxc8 Raxc8 24. Rxc8 Rxc8 25. Bxd7 Rc2 26. Bxe6+ Kf8 27. Nc3 Rxb2 28. a4 Rc2 29. Nb5 Bb8 30. Kf1 a6 31. Na3 Rc1+ 32. Ke2 Bd6 33. Nb5 axb5 34. axb5 Rc2+ 35. Kf1 Rb2 36. Bd7 Ke7 37. Bc6 g5 38. Ne1 Ke6 39. f4 g4 40. Nd3 Rd2 41. Ne5 Bb4 42. Bd7+ Kf6 43. Bc6 Ba5 44. Bxd5 Rd1+ 45. Ke2 Rd2+ 46. Kf1 Rd1+ 47. Ke2 Rd2+ 1/2-1/2

[Event "360 One Wealth GP-4 2024"]
[Site "Mumbai"]
[Date "2024.03.14"]
[Round "4.15"]
[White "Jain Bharggav"]
[Black "Sriharsh Shibu Nair"]
[Result "0-1"]
[ECO "A36"]
[WhiteElo "1617"]
[BlackElo "1455"]
[Annotator "NA RC"]
[PlyCount "72"]
[EventDate "2024.03.10"]
[EventCountry "IND"]
[SourceTitle "playchess.com"]
[Source "ChessBase"]
[SourceQuality "1"]
[TimeControl "5400+30"]

1. e4 c5 2. c4 d6 3. g3 Nf6 4. Bg2 Nc6 5. Nc3 e6 6. Nge2 a6 7. a3 Be7 8. d3 Rb8 9. Rb1 b5 10. cxb5 axb5 11. b4 cxb4 12. axb4 d5 13. exd5 exd5 14. Ba3 O-O 15. Nf4 Re8 16. O-O Be6 17. Re1 Qd7 18. Nxe6 fxe6 19. Bh3 Bd6 20. Qb3 Nd4 21. Qd1 Qf7 22. Bc1 Nd7 23. Be3 Nf3+ 24. Kf1 Nxe1 25. Qxe1 Ne5 26. f4 Nxd3 27. Qd2 Nxb4 28. Bg2 Qf5 29. Be4 Qf8 30. Bg2 Bc5 31. Qe2 d4 32. Bxd4 Bxd4 33. Nxb5 Qc5 34. Nxd4 Qxd4 35. Rd1 Qc5 36. Qg4 Nc2 0-1

[Event "360 One Wealth GP-4 2024"]
[Site "Mumbai"]
[Date "2024.03.15"]
[Round "5.1"]
[White "Arnav Mahesh Koli"]
[Black "Guru Prakash"]
[Result "1/2-1/2"]
[ECO "B42"]
[WhiteElo "1857"]
[BlackElo "1794"]
[Annotator "NA RC"]
[PlyCount "86"]
[EventDate "2024.03.10"]
[EventCountry "IND"]
[SourceTitle "playchess.com"]
[Source "ChessBase"]
[SourceQuality "1"]
[TimeControl "5400+30"]

1. e4 c5 2. Nf3 e6 3. d4 cxd4 4. Nxd4 a6 5. Bd3 Qc7 6. Be3 Nf6 7. f4 {[%emt 0:03:29] B42: Sicilian: Kan Variation: 5 Bd3.} d6 8. h3 Nbd7 9. Nd2 (9. c4 $142) 9... Nc5 10. O-O b5 11. b4 Na4 $1 12. g4 (12. c4 $14 Nb2 13. Qc2 Nxd3 14. Qxd3 bxc4 15. Nxc4) 12... Nc3 13. Qf3 Bb7 14. g5 Nd7 15. Ne2 d5 16. Nxc3 Qxc3 17. Rab1 Rd8 18. Rb3 Qc7 19. Bd4 Bd6 (19... Nb6 $1 $11 {remains equal.} 20. e5 g6) 20. Qf2 ({White should try} 20. Bxg7 $16 Qb6+ 21. Kh1) 20... O-O 21. e5 Be7 22. Qh4 g6 23. Nf3 Nb8 {[%emt 0:01:59] [#]} 24. Qf2 $1 Qd7 {[%emt 0:01:29] [#]} 25. Nh2 $1 Nc6 26. c3 Nxd4 27. cxd4 Rc8 28. Ng4 Rc7 $16 29. Nf6+ Bxf6 30. gxf6 Rfc8 31. Qd2 Kh8 32. Kh2 Rc4 33. f5 exf5 34. Qh6 Rg8 35. Rf4 Rxd4 36. Rxd4 g5 37. Bb1 Qc7 38. Re3 Bc8 39. Rg4 Rg6 40. Qf8+ Rg8 41. Qh6 Rg6 42. Qf8+ Rg8 43. Qh6 Rg6 1/2-1/2

[Event "360 One Wealth GP-4 2024"]
[Site "Mumbai"]
[Date "2024.03.15"]
[Round "5.2"]
[White "Milind Parle"]
[Black "Kulkarni, Vikramaditya"]
[Result "0-1"]
[ECO "B23"]
[WhiteElo "1642"]
[BlackElo "2192"]
[Annotator "RC"]
[PlyCount "75"]
[EventDate "2024.03.10"]
[EventCountry "IND"]
[SourceTitle "playchess.com"]
[Source "ChessBase"]
[SourceQuality "1"]
[TimeControl "5400+30"]

1. e4 c5 2. Nc3 a6 3. f4 b5 4. d3 b4 5. Nce2 d5 6. exd5 e6 7. dxe6 Bxe6 8. Nf3 Bd5 9. Ng3 Qe7+ 10. Qe2 Bxf3 11. Qxe7+ Nxe7 12. gxf3 Nbc6 13. c3 f5 14. Bd2 g6 15. h4 h5 16. a3 bxc3 17. Bxc3 Nd4 18. Kf2 Nd5 19. Bxd4 cxd4 20. Ne2 Rc8 21. Kg3 Bd6 22. Bg2 Kf7 23. Rac1 Rhe8 24. Rxc8 Rxe2 25. Rd8 Ke7 26. Rxd6 Kxd6 27. Rb1 a5 28. Bf1 Rc2 29. b4 a4 30. b5 Rc3 31. Be2 Rxa3 32. b6 Rb3 33. Ra1 Nc3 34. Bd1 Rxb6 35. Bc2 Rb7 36. Ra3 Rb8 37. Ra1 Re8 38. Bd1 0-1

[Event "360 One Wealth GP-4 2024"]
[Site "Mumbai"]
[Date "2024.03.15"]
[Round "5.3"]
[White "Iyer Arvind"]
[Black "Ishan Roy"]
[Result "1-0"]
[ECO "E54"]
[WhiteElo "1897"]
[BlackElo "1609"]
[Annotator "NA RC"]
[PlyCount "111"]
[EventDate "2024.03.10"]
[EventCountry "IND"]
[SourceTitle "playchess.com"]
[Source "ChessBase"]
[SourceQuality "1"]
[TimeControl "5400+30"]

1. e4 e6 2. d4 d5 3. Nd2 c5 4. c3 cxd4 5. cxd4 dxe4 6. Nxe4 Bb4+ 7. Nc3 Nf6 8. Nf3 O-O 9. Bd3 b6 10. O-O Bb7 11. a3 {[%emt 0:00:50] 11.Re1 is vanishing.} Be7 {[%emt 0:00:59] E54: Nimzo-Indian: Rubinstein: Main Line: 7...dxc4 8 Bxc4.} 12. Qe2 Nc6 13. Rd1 h6 $146 ({Predecessor:} 13... Qc7 14. Nb5 Qd7 15. Bf4 Nd5 16. Bg3 Rfd8 17. Ne5 Nxe5 18. dxe5 Ba6 19. h4 Rac8 {1-0 Narayanan,S (2553)-Pranav,V (2493) BAN-chT Dhaka 2022 (4.5)}) 14. Bf4 Rc8 (14... Nxd4 $2 {loses.} 15. Nxd4 Kh8 (15... Qxd4 $2 {is the wrong capture.} 16. Bh7+ Kxh7 17. Rxd4 $18) 16. Bb5 $18) 15. Rac1 Na5 (15... Nxd4 $2 {perishes.} 16. Nxd4 Nd5 (16... Qxd4 $2 {is the wrong capture.} 17. Bh7+ Kxh7 18. Rxd4 $18) 17. Qe4 $18) 16. Ba6 Nd5 17. Bxb7 Nxf4 18. Qe4 Nxb7 19. Qxf4 Bd6 20. Qe4 Na5 21. g3 Nc4 22. Qe2 a5 23. Nb5 Qf6 24. Rxc4 Rxc4 25. Qxc4 $18 ({Weaker is} 25. Nxd6 Rc6 $18) 25... Qxf3 26. Rd3 Qe2 27. Nxd6 Rd8 28. Nb5 Rd5 29. Nc3 Qc2 30. Rf3 Rd8 31. Qe2 Qc1+ 32. Kg2 Rxd4 33. Qe3 Qd2 34. Nb5 Rd5 35. Qxd2 Rxd2 36. Rb3 a4 37. Rb4 e5 38. Nc3 f5 39. Nxa4 e4 40. Rb3 b5 41. Rxb5 e3 42. Rxf5 g6 43. Rf3 Rd4 44. Nc3 Rd2 45. Rxe3 Rxb2 46. a4 Rb3 47. Nd5 Rb7 48. Ra3 Kf7 49. a5 Ke6 50. a6 Ra7 51. Nb6 h5 52. Nc8 Ra8 53. a7 Kd5 54. Nb6+ Kc5 55. Nxa8 Kb4 56. Ra1 1-0

[Event "360 One Wealth GP-4 2024"]
[Site "Mumbai"]
[Date "2024.03.15"]
[Round "5.4"]
[White "Shah Mihir"]
[Black "Boricha Yohan"]
[Result "1-0"]
[ECO "D00"]
[WhiteElo "1764"]
[BlackElo "1840"]
[Annotator "NA RC"]
[PlyCount "99"]
[EventDate "2024.03.10"]
[EventCountry "IND"]
[SourceTitle "playchess.com"]
[Source "ChessBase"]
[SourceQuality "1"]
[TimeControl "5400+30"]

1. d4 Nf6 2. Nc3 d5 3. Bf4 c5 4. e4 Nxe4 5. Nxe4 dxe4 6. dxc5 {[%emt 0:00:08] D00: 1 d4 d5: Unusual lines.} Qa5+ 7. c3 Qxc5 8. Qa4+ Nc6 9. Qxe4 g6 10. Nf3 Bg7 11. Rd1 Qf5 12. Bd3 Qxe4+ 13. Bxe4 Be6 14. Bd5 Bxd5 15. Rxd5 Rd8 16. Rxd8+ Kxd8 17. Ng5 Ke8 18. Ke2 h6 19. Ne4 b6 20. f3 f5 21. Nf2 e5 22. Be3 Kf7 23. g4 Rd8 24. h4 Ne7 25. h5 g5 26. gxf5 Nxf5 27. Ne4 Nd6 (27... Bf8 $11 {is superior.}) 28. Rd1 Ke7 $2 (28... Bf8 $14) 29. Rxd6 Rxd6 30. Nxd6 Kxd6 31. Kd3 Bf8 32. Ke4 Ke6 33. b4 Bd6 34. b5 Ba3 35. c4 Kf6 36. Bd2 Ke6 37. Bc3 Bd6 38. Bb2 Kf6 $18 39. Kd5 Bb8 40. Ba3 Kf5 41. Bf8 e4 42. fxe4+ Kf6 43. Bxh6 g4 44. Be3 Bh2 45. c5 bxc5 46. Bxc5 g3 47. Bxa7 g2 48. Be3 g1=Q 49. Bxg1 Bxg1 50. a4 1-0

[Event "360 One Wealth GP-4 2024"]
[Site "Mumbai"]
[Date "2024.03.15"]
[Round "5.5"]
[White "Mishra Sanjeev"]
[Black "Kapadi Yash"]
[Result "1-0"]
[ECO "C41"]
[WhiteElo "1833"]
[BlackElo "1779"]
[Annotator "NA RC"]
[PlyCount "153"]
[EventDate "2024.03.10"]
[EventCountry "IND"]
[SourceTitle "playchess.com"]
[Source "ChessBase"]
[SourceQuality "1"]
[TimeControl "5400+30"]

1. e4 d6 2. d4 Nf6 3. Nc3 e5 4. Nf3 Nbd7 5. Bc4 Be7 6. O-O O-O 7. h3 c6 8. a4 Nxe4 {[%emt 0:04:56] 8...h6 is a critical line.} 9. Nxe4 d5 10. Bb3 {[%emt 0:03:41] C41: Philidor Defence.} dxe4 11. Nxe5 Nxe5 12. dxe5 Re8 $146 (12... Be6 $11 {is superior.}) ({Predecessor:} 12... Bf5 13. Qxd8 Raxd8 14. Be3 c5 15. a5 h5 16. Rfd1 Be6 17. Bxe6 fxe6 18. Rxd8 Rxd8 {½-½ Hilverda,A (2370)-Lauer,M (2403) Oberliga Bayern 1819 2018 (1.1)}) 13. Qh5 Rf8 14. Bf4 Be6 15. Rad1 Qc8 16. Bxe6 Qxe6 17. Qe2 Qf5 18. Bg3 Rad8 19. Qe3 b6 20. Rfe1 Rxd1 21. Rxd1 h5 22. Re1 h4 23. Qf4 Qxf4 24. Bxf4 g5 25. Bd2 $1 Rd8 26. Bc3 Kg7 27. Kf1 ({Viel schwächer ist} 27. Rxe4 $6 Re8 28. Rd4 Rd8 $16) 27... f5 28. exf6+ Bxf6 29. Bxf6+ Kxf6 30. Rxe4 Rd2 31. Rc4 c5 32. Ke1 Rd5 33. Re4 Rd6 34. Ke2 Rd5 35. b3 Rd6 36. Rc4 Rd5 (36... Kf5 $16 37. Rc3 Re6+ 38. Re3 Rc6 39. Rf3+ Ke5 40. Re3+ Kf5) 37. f4 Kg6 38. fxg5 Re5+ 39. Kf3 Kxg5 40. Rg4+ Kh5 41. Rg7 Rf5+ 42. Ke2 Re5+ 43. Kd3 Rd5+ 44. Kc3 a6 45. g3 hxg3 46. Rxg3 b5 47. Rg4 Rf5 48. axb5 axb5 49. Rg3 Kh4 50. Re3 Kg5 51. b4 Kf4 52. Rd3 c4 53. Rd4+ Ke5 54. Rh4 Rf3+ 55. Kb2 Kd5 56. Rh5+ Kc6 57. h4 Rh3 58. Rc5+ Kb6 59. h5 Rg3 60. Rf5 Rh3 61. Rf6+ Kc7 62. h6 Kb7 63. Rg6 Ka7 64. Rg7+ Kb6 65. h7 Kc6 66. Rf7 Kb6 67. Kc1 Rh2 $1 $11 68. Kd1 Kc6 69. Kc1 Kd5 $2 70. Rc7 $2 (70. Kb2 $18 {is the precise move to win.}) 70... Kd4 71. Kb2 Rh3 72. Rb7 Rh2 73. Rxb5 Rxh7 74. Rb8 Rh3 75. Rd8+ Ke5 76. b5 Rh6 77. Kc3 $18 1-0

[Event "360 One Wealth GP-4 2024"]
[Site "Mumbai"]
[Date "2024.03.15"]
[Round "5.6"]
[White "Reyaansh Venkat"]
[Black "Ram Vishal Parab"]
[Result "0-1"]
[ECO "C50"]
[WhiteElo "1546"]
[BlackElo "1807"]
[Annotator "NA RC"]
[PlyCount "110"]
[EventDate "2024.03.10"]
[EventCountry "IND"]
[SourceTitle "playchess.com"]
[Source "ChessBase"]
[SourceQuality "1"]
[TimeControl "5400+30"]

1. e4 e5 2. Nf3 Nc6 3. Bc4 Bc5 4. O-O Nf6 5. d3 d6 6. h3 a6 {[%emt 0:00:03] C50: Hungarian Defence and Giuoco Pianissimo.} 7. c3 Ba7 8. Re1 h6 9. a4 g5 10. d4 g4 11. hxg4 Bxg4 12. Be3 Kf8 13. Nbd2 exd4 14. cxd4 Bxd4 15. Qc2 Bxe3 16. Rxe3 Rg8 17. Bf1 Be6 18. Nc4 Ng4 19. Ree1 Qf6 20. Qc3 Qg6 21. g3 Nxf2 22. Nh4 Nh3+ 23. Bxh3 Qxg3+ 24. Qxg3 Rxg3+ 25. Bg2 Bxc4 26. Nf5 Rg6 27. Rac1 Ne5 28. Re3 c6 29. b3 Be6 30. Rd1 d5 31. Nd4 $19 Bg4 32. Rf1 dxe4 33. Rxe4 Re8 34. Rfe1 Nf3+ 35. Nxf3 Rxe4 36. Rxe4 Bxf3 37. Re3 Rxg2+ 38. Kf1 Bd5 39. Rh3 Rb2 40. Rxh6 Bxb3 41. Rh8+ Ke7 42. Rb8 Bxa4 43. Ke1 c5 44. Rc8 Bc6 45. Rc7+ Kf6 46. Kd1 c4 47. Kc1 c3 48. Rc8 a5 49. Ra8 a4 50. Ra7 Rh2 51. Ra5 Be4 52. Kd1 c2+ 53. Kc1 Rh1+ 54. Kb2 c1=Q+ 55. Ka2 Qa1# 0-1